 Dungeon Crawl Stone Soup version 0.31-a0-175-g9f7f995f2b (webtiles) character file.

Game seed: 9559560178131563582

227 Moral the Trooper (level 6, 0/51 HPs)
             Began as a Barachi Fighter on June 17, 2023.
             Slain by a gnoll
             ... wielding a +0 club
              (8 damage)
             ... on level 3 of the Dungeon.
             The game lasted 00:06:30 (2745 turns).

Moral the Trooper (Barachi Fighter)                 Turns: 2745, Time: 00:06:31

Health: 0/51       AC:  7    Str: 16    XL:     6   Next: 2%
Magic:  6/6        EV:  9    Int:  7    God:
Gold:   109        SH:  5    Dex: 18    Spells: 5/5 levels left

rFire   . . .        a - +0 long sword
rCold   . . .        c - +0 buckler
rNeg    . . .        b - +0 scale mail
rPois   .            (no helmet)
rElec   .            (no cloak)
rCorr   .            (no gloves)
SInv    .            (no boots)
Will    +....        (no amulet)
Stlth   +            (no ring)
HPRegen 0.28/turn    (no ring)
MPRegen 0.10/turn

%: no passive effects
@: unable to hop, slow
A: amphibious, slowness 1, strong legs 1, +LOS, agile 1, strong-willed 1,
teleportitis 1, sturdy frame 1
a: Hop


You were on level 3 of the Dungeon.
You visited 1 branch of the dungeon, and saw 3 of its levels.

You collected 109 gold pieces.

Inventory:

Hand Weapons
 a - a +0 long sword (weapon)
Armour
 b - a +0 scale mail (worn)
 c - a +0 buckler (worn)
Scrolls
 f - a scroll of revelation {unknown}
 g - a scroll of vulnerability {unknown}
 h - a scroll of fog {unknown}
 i - 5 scrolls of identify {unknown}
 j - a scroll of silence {unknown}
 l - a scroll of fear {unknown}
 m - 2 scrolls of teleportation
Potions
 d - a potion of might
 e - 2 potions of brilliance
 k - a potion of heal wounds {unknown}
 n - a potion of attraction {unknown}


   Skills:
 * Level 5.4 Fighting
 * Level 4.7 Long Blades
 + Level 4.4 Armour
 + Level 4.1 Shields


You had 5 spell levels left.
You didn't know any spells.
Your spell library was empty.

Dungeon Overview and Level Annotations

Branches:
Dungeon (3/15)

Altars:

Shops:
D:2 ?


Innate Abilities, Weirdness & Mutations

You are amphibious.
You cover ground slowly.
You can hop short distances.
You have an extended range of vision and can be seen from far away.
You are agile. (Dex +4, Str/Int -1)
You are strong-willed. (Will+)
You are occasionally teleported next to monsters.
Your movements are slightly less encumbered by armour. (ER -2)


Message History

You barely miss the gnoll.
The gnoll is almost dead.
The gnoll barely misses you. The gnoll hits you with a +0 whip.
You block the gnoll's attack. The quokka barely misses you.
The gnoll hits you with a +0 whip! You block the gnoll's attack.
The gnoll hits you with a +0 club. The quokka barely misses you.
You hit the gnoll.
You kill the gnoll!
The bat closely misses you. The gnoll barely misses you.
The quokka bites you but does no damage.
You block the gnoll's attack.
You hit the gnoll.
The gnoll is heavily wounded.
The bat hits you but does no damage. You block the quokka's attack.
The gnoll hits you but does no damage. You block the gnoll's attack.
You slash the gnoll!
You kill the gnoll!
The bat barely misses you. x2; The quokka barely misses you.
The gnoll hits you with a +0 club.
* * * LOW HITPOINT WARNING * * *
The bat hits you but does no damage. You block the quokka's attack.
You have reached level 6!
You hit the gnoll.
The gnoll is moderately wounded.
You block the bat's attack. The bat hits you.
* * * LOW HITPOINT WARNING * * *
The gnoll hits you with a +0 club.
* * * LOW HITPOINT WARNING * * *
The quokka bites you but does no damage.
You block the bat's attack. The gnoll completely misses you.
You barely miss the gnoll.
The gnoll is moderately wounded.
The bat hits you but does no damage. The bat barely misses you.
You block the quokka's attack. The quokka closely misses you.
The gnoll closely misses you. The bat closely misses you.
You slash the gnoll!
The gnoll is almost dead.
The bat closely misses you. You block the quokka's attack.
The gnoll hits you with a +0 club!
You die...

.# ... .#...#
####.#...
#....... #
#.....##.#
#........
#.....#
########.r...#
#......g@....#
#......)b#####
#........#
#........#
#........#
#........#
#........#
#........#
#........#


You could see a gnoll, a quokka and a bat.

Vanquished Creatures
  An orc priest (D:3)
  An orc wizard (D:3)
  6 gnolls
  3 adders
  A worm (D:2)
  2 dart slugs (D:2)
  12 orcs
  3 endoplasms (D:1)
  5 giant cockroaches
  4 goblins
  4 hobgoblins
  5 jackals
  9 kobolds
  7 ball pythons
  3 bats
  4 frilled lizards
  4 rats
74 creatures vanquished.

Notes
Turn   | Place    | Note
-------+----------+-------------------------------------------
     0 | D:1      | Moral the Barachi Fighter began the quest for the Orb.
     0 | D:1      | Reached XP level 1. HP: 18/18 MP: 1/1
   100 | D:1      | Reached XP level 2. HP: 21/25 MP: 2/2
   240 | D:1      | Reached skill level 4 in Fighting
   455 | D:1      | Reached XP level 3. HP: 27/30 MP: 3/3
   942 | D:2      | Found Lish's Magic Scroll Boutique.
  1212 | D:2      | Reached XP level 4. HP: 30/38 MP: 4/4
  2127 | D:3      | HP: 1/38 [orc priest/divine providence (15)]
  2132 | D:3      | Gained mutation: You are agile. (Dex +4, Str/Int -1)
                  | [potion of mutation]
  2132 | D:3      | Gained mutation: You are strong-willed. (Will+) [potion of
                  | mutation]
  2132 | D:3      | Gained mutation: You are occasionally teleported next to
                  | monsters. [potion of mutation]
  2132 | D:3      | Gained mutation: Your movements are slightly less
                  | encumbered by armour. (ER -2) [potion of mutation]
  2235 | D:3      | Reached skill level 5 in Fighting
  2235 | D:3      | Reached XP level 5. HP: 25/44 MP: 5/5
  2743 | D:3      | Reached XP level 6. HP: 11/51 MP: 6/6
  2745 | D:3      | Slain by a gnoll

Illustrated notes

Levels and vault maps discovered:
D:1:      amcnicky_arrival_abandoned_market, layout_basic
D:2:      layout_loops_corners, serial_shops, nicolae_shop_tiny_waterfront
D:3:      layout_basic, serial_aquarium, aquarium_bridge_square
          [aquarium_subvault_bridge, aquarium_subvault_wall,
          aquarium_subvault_bridge, aquarium_subvault_wall], aquarium_window_1,
          aquarium_window_1, aquarium_view_2c, hex_medium

Skill      XL: |  1  2  3  4  5 |
---------------+----------------+-----
Fighting       | 4 5 |  5.4
Long Blades    | 3 4 |  4.7
Armour         | 4 |  4.4
Shields        | 4 |  4.1

Action                     |  1- 3 |  4- 6 || total
---------------------------+-------+-------++-------
  Melee: Long sword        |   117 |   128 ||   245
Ability: Hop               |       |     3 ||     3
    Use: Potion            |       |     2 ||     2
         Scroll            |       |     1 ||     1
 Armour: Scale mail        |    63 |    62 ||   125
  Dodge: Dodged            |    56 |    72 ||   128
  Block: Buckler           |    41 |    65 ||   106

Table legend: (Time is in decaauts)
 A = Elapsed time spent in this place.
 B = Non-inter-level travel time spent in this place.
 C = Inter-level travel time spent in this place.
 D = Time resting spent in this place.
 E = Time spent auto-exploring this place.
 F = Levels seen in this place.
 G = Mean time per level.
                   A        B        C        D        E       F      G
               +--------+--------+--------+--------+--------+-----+--------+
         Total |   3141 |   3059 |     82 |    554 |   1766 |   3 | 1047.0 |
       Dungeon |   3141 |   3059 |     82 |    554 |   1766 |   3 | 1047.0 |
               +--------+--------+--------+--------+--------+-----+--------+

Top non-repeatable levels by time:
     D:2: 1413 daAuts
     D:1: 1021 daAuts
     D:3: 706 daAuts
